 Dungeon Crawl Stone Soup version 0.28.0-43-g3370ac3207 (webtiles) character file.

Game seed: 231433215612448660

1304 crimpus the Fighter (level 8, -6/79 (92) HPs)
             Began as an Ogre Berserker on Mar 15, 2022.
             Was a Priest of Trog.
             Mangled by an iguana (11 damage)
             ... on level 5 of the Dungeon.
             The game lasted 00:07:35 (6320 turns).

crimpus the Fighter (Ogre Berserker)                Turns: 6320, Time: 00:07:37

HP:   -6/79 (92)    AC:  3    Str: 24    XL:     8   Next: 57%
MP:   8/8           EV: 10    Int:  8    God:    Trog [***...]
Gold: 193           SH:  0    Dex:  8    Spells: 7/7 levels left

rFire   . . .      SeeInvis .   n - +2 war axe (distort)
rCold   . . .      Faith    .   (no shield)
rNeg    . . .      Spirit   .   b - +0 animal skin
rPois   .          Reflect  .   (helmet restricted)
rElec   .          Harm     .   (no cloak)
rCorr   .          Rampage  .   (gloves unavailable)
Will    ++...                   (boots unavailable)
Stlth   +.........              (no amulet)
HPRegen 1.23/turn               (no ring)
MPRegen 0.11/turn               (no ring)

@: strong-willed (expiring), on berserk cooldown, regenerating (expiring),
hasted, heavily drained, very quick
A: large, unfitting armour, tough skin 1
a: Renounce Religion, Berserk, Trog's Hand


You were on level 5 of the Dungeon.
You worshipped Trog.
Trog was most pleased with you.
You visited 1 branch of the dungeon, and saw 5 of its levels.

You collected 193 gold pieces.

Inventory:

Hand Weapons
 a - a +0 mace
 n - a +2 war axe of distortion (weapon)
 r - a +0 flail of holy wrath
 s - a +0 giant club
Armour
 b - a +0 animal skin (worn)
Wands
 h - a wand of digging (3)
 o - a wand of iceblast (5)
Scrolls
 c - 4 scrolls of teleportation {unknown}
 d - 3 scrolls of amnesia {unknown}
 e - 2 scrolls of magic mapping {unknown}
 i - 2 scrolls of identify {unknown}
 k - 3 scrolls of fear {unknown}
 m - a scroll of summoning {unknown}
Potions
 f - a potion of attraction
 l - 2 potions of flight {unknown}
 p - a potion of cancellation {unknown}
 q - 2 potions of curing {unknown}


   Skills:
 + Level 9.1 Fighting
 + Level 7.7 Maces & Flails
 - Level 3.0 Dodging


You had 7 spell levels left.
You didn't know any spells.
Your spell library was empty.

Dungeon Overview and Level Annotations

Branches:
Dungeon (5/15)
 Temple: D:4-7

Altars:
Qazlal
Ru
Sif Muna
Vehumet
Yredelemnul


Innate Abilities, Weirdness & Mutations

You are too large for most types of armour.
You have tough skin. (AC +1)


Message History

Trog accepts your kill.
You closely miss the iguana. You hit the orc wizard.
Space warps around the orc wizard.
The orc hits you with a +1 whip of draining.
* * * LOW HITPOINT WARNING * * *
You feel drained.
The orc wizard hits you but does no damage.
The iguana bites you but does no damage.
The orc hits you with a +1 whip of draining.
* * * LOW HITPOINT WARNING * * *
You feel drained.
The orc wizard gestures at you while chanting.
The puff of flame hits you.
* * * LOW HITPOINT WARNING * * *
The iguana bites you!
* * * LOW HITPOINT WARNING * * *
Things that are here:
a +0 club; an orc corpse You feel much better.
You feel the effects of Trog's Hand fading.
The orc hits you with a +1 whip of draining.
You feel drained.
The orc wizard hits you with a +0 dagger.
The iguana completely misses you.
You feel yourself speed up.
The orc hits you with a +1 whip of draining.
* * * LOW HITPOINT WARNING * * *
You feel drained.
* * * LOW HITPOINT WARNING * * *
The iguana bites you.
* * * LOW HITPOINT WARNING * * *
The orc wizard misses you.
The orc hits you with a +1 whip of draining.
* * * LOW HITPOINT WARNING * * *
You feel drained.
The orc wizard gestures at you while chanting.
The puff of flame hits you!
* * * LOW HITPOINT WARNING * * *
The iguana bites you!
You die...

#.# #.# .# .. #.#
#.# ### #.# #.#
..# #.# #.# #.#
#.####.##### #.#
#..........# #.#
#######.##<# #.#
#.##.# #.# #.##.#
###@#######
#.##.###.l)o....$.
#.#......o.#######
#.#......###
#.#.###### #.#.#
#.#.# #.#.# #.#.#


You could see an iguana, an orc wizard and an orc.

Vanquished Creatures
  Sigmund (D:2)
  Edmund (D:5)
  Menkaure (D:4)
  A sky beast (D:5)
  An ogre (D:5)
  Blork the orc (D:4)
  A centaur zombie (D:5)
  A hound (D:5)
  3 orc priests
  A bullfrog skeleton (D:3)
  A jelly (D:5)
  Jessica (D:3)
  Ijyb (D:4)
  2 orc wizards
  Robin (D:2)
  3 gnolls (D:2)
  A howler monkey skeleton (D:4)
  10 adders
  A shadow imp (D:5)
  An ufetubus (D:5)
  An adder skeleton (D:4)
  2 worms
  4 dart slugs
  14 orcs
  13 ball pythons
  5 bats
  7 endoplasms
  3 giant cockroaches
  18 goblins
  5 hobgoblins
  2 jackals (D:3)
  5 kobolds
  2 quokkas
  5 rats
120 creatures vanquished.

Notes
Turn   | Place    | Note
-------+----------+-------------------------------------------
     0 | D:1      | crimpus the Ogre Berserker began the quest for the Orb.
     0 | D:1      | Reached XP level 1. HP: 24/24 MP: 1/1
   179 | D:1      | Reached XP level 2. HP: 30/32 MP: 2/2
   846 | D:2      | Reached XP level 3. HP: 38/40 MP: 3/3
   867 | D:2      | Noticed Sigmund
   882 | D:2      | Killed Sigmund
   883 | D:2      | Reached skill level 5 in Fighting
   883 | D:2      | Reached XP level 4. HP: 37/52 MP: 4/4
   883 | D:2      | Reached XP level 5. HP: 42/59 MP: 5/5
   899 | D:2      | Reached skill level 6 in Fighting
  1187 | D:2      | Reached ** piety under Trog
  1188 | D:2      | Reached XP level 6. HP: 42/67 MP: 6/6
  1748 | D:2      | Noticed Robin
  1757 | D:2      | Reached skill level 5 in Maces & Flails
  1807 | D:2      | Killed Robin
  2232 | D:3      | Found a sacrificial altar of Ru.
  2244 | D:3      | Found a basalt altar of Yredelemnul.
  3033 | D:3      | Found a faded altar of an unknown god.
  3038 | D:3      | Found a shimmering blue altar of Sif Muna.
  3148 | D:3      | Found a stormy altar of Qazlal.
  3160 | D:3      | Noticed Jessica
  3170 | D:3      | Killed Jessica
  3558 | D:4      | Noticed Ijyb
  3572 | D:4      | Killed Ijyb
  3573 | D:4      | Reached XP level 7. HP: 61/76 MP: 7/7
  3865 | D:4      | Noticed Menkaure
  3883 | D:4      | Killed Menkaure
  3884 | D:4      | Reached skill level 7 in Fighting
  3936 | D:4      | Noticed Blork the orc
  3942 | D:4      | Killed Blork the orc
  4030 | D:4      | Reached *** piety under Trog
  4452 | D:4      | Found a radiant altar of Vehumet.
  5291 | D:4      | Reached XP level 8. HP: 83/88 MP: 8/8
  5576 | D:5      | Entered Level 5 of the Dungeon
  5593 | D:5      | Reached skill level 8 in Fighting
  5694 | D:5      | Noticed Edmund
  5704 | D:5      | Killed Edmund
  6282 | D:5      | Reached skill level 9 in Fighting
  6320 | D:5      | Mangled by an iguana

Illustrated notes

Levels and vault maps discovered:
D:1:      lemuel_arrival_rhombus, layout_rooms
D:2:      layout_basic, uniq_robin, uniq_sigmund
D:3:      layout_loops_ring, lemuel_crystal_altar, led_sif_book,
          mainiacjoe_overflow_small_starburst, mainiacjoe_overflow_tiny_flanked,
          ebering_ecumenical_altar_abandoned, hangedman_decor_points,
          chequers_mini_garden, st_stairs_6, minivault_25,
          minmay_fractal_squares_diagonal_5, uniq_jessica
D:4:      layout_layer_cave, nicolae_vehumet_radiance, serial_rivers,
          chequers_serial_rivers_micro_a, chequers_serial_rivers_marsh,
          chequers_serial_rivers_micro_b, chequers_serial_rivers_large_b,
          minmay_snake_closets, uniq_blork_the_orc, uniq_menkaure, uniq_ijyb
D:5:      layout_loops_ring, temple_pool_b, nicolae_ossuary_entry_catacombs,
          uniq_edmund

Skill      XL: |  1  2  3  4  5  6  7  8 |
---------------+-------------------------+-----
Maces & Flails | 3 4 5 6 7 |  7.7
Dodging        | 3 |  3.0
Fighting       | 5 6 7 9 |  9.1

Action                   |  1- 3 |  4- 6 |  7- 9 || total
-------------------------+-------+-------+-------++-------
Melee: Mace              |    81 |   156 |       ||   237
       War axe           |       |     5 |   127 ||   132
       Punch             |       |     1 |       ||     1
Invok: Berserk           |     1 |     4 |     5 ||    10
       Trog's Hand       |       |     1 |     2 ||     3
  Use: Potion            |       |       |     6 ||     6
 Stab: Sleeping          |       |       |     2 ||     2
Armor: Animal skin       |    23 |    63 |    34 ||   120
Dodge: Dodged            |    47 |    95 |    77 ||   219
